[ AOE2 MATCH · #480300201 ]
UnrankedPersians vs Teutons
Rival team · LOSS
[ REPLAY ANALYSIS · EXTRACTED FROM THE RECORDED GAME ]
Feudal
8:53
Castle
19:49
Imperial
35:38
| APM avg | 42.1 |
| APM peak | 115 |
| eAPM avg | 18.5 |
| Villagers / military | 115 / 80 |
Focus
⚔️ 36.0% · 🌾 64.0%
Cavalry Archer ×58 · Knight ×10 · Scout Cavalry ×5 · Trebuchet (Packed) ×3 · Spearman ×2 · Monk ×1
Feudal
9:18
Castle
20:04
Imperial
36:49
| APM avg | 46.5 |
| APM peak | 100 |
| eAPM avg | 24.0 |
| Villagers / military | 139 / 47 |
Focus
⚔️ 27.9% · 🌾 72.1%
Scorpion ×29 · Knight ×6 · Monk ×5 · Scout Cavalry ×4 · Teutonic Knight ×2 · Spearman ×1
Match map
Initial resources + every placement click. Lines = walls · curves = elevation contours. ◆ gold · ⬟ stone · ● berries · ✦ relic · ◌ wall gap
Your base· ✓ Closed at 19:49 · 36t walls · 1 gate(s)
Ghlbitsk's base· ✓ Closed at 20:04 · 55t walls · 1 gate(s)
Smoothed initial terrain · ◌ = detected wall gap · hover for details
Inputs per minute
— DS_Le Cuack |Youtube Twitch| - - Ghlbitsk
Build order — DS_Le Cuack |Youtube Twitch|
First 150 of 330 actions detected
| 0:01 | Create | Villager (Male) ×5 |
| 0:04 | Build | House |
| 0:05 | Build | House |
| 1:43 | Create | Villager (Male) |
| 2:03 | Build | Lumber Camp |
| 2:14 | Create | Villager (Male) |
| 2:27 | Create | Villager (Male) |
| 2:52 | Create | Villager (Male) |
| 3:27 | Create | Villager (Male) |
| 3:31 | Create | Villager (Male) |
| 4:01 | Build | House |
| 4:05 | Create | Villager (Male) |
| 4:05 | Create | Villager (Male) |
| 4:08 | Build | Mill |
| 4:30 | Build | House |
| 4:34 | Build | Palisade Wall |
| 5:07 | Create | Villager (Male) |
| 5:18 | Create | Villager (Male) |
| 5:19 | Create | Villager (Male) |
| 5:30 | Build | Palisade Wall |
| 5:31 | Build | Palisade Wall |
| 6:02 | Research | Loom |
| 6:46 | Research | Feudal Age |
| 7:28 | Build | House |
| 7:35 | Build | Barracks |
| 8:39 | Build | House |
| 8:48 | Create | Villager (Male) |
| 8:53 | Age | Feudal Age |
| 8:56 | Build | Stable |
| 9:00 | Build | Palisade Wall |
| 9:03 | Research | Double-Bit Axe |
| 9:05 | Create | Villager (Male) |
| 9:31 | Create | Spearman |
| 9:40 | Create | Scout Cavalry |
| 9:40 | Create | Scout Cavalry |
| 9:59 | Create | Villager (Male) |
| 9:59 | Create | Villager (Male) |
| 10:07 | Build | House |
| 10:13 | Create | Villager (Male) |
| 10:34 | Create | Villager (Male) |
| 10:40 | Build | Palisade Wall |
| 10:48 | Create | Villager (Male) |
| 10:52 | Build | Farm |
| 10:54 | Build | Farm |
| 10:55 | Build | Farm |
| 10:57 | Build | Farm |
| 11:05 | Research | Horse Collar |
| 11:25 | Build | Farm |
| 11:32 | Create | Villager (Male) |
| 11:35 | Build | Farm |
| 11:37 | Build | Farm |
| 11:53 | Create | Scout Cavalry |
| 12:12 | Build | Farm |
| 12:14 | Create | Villager (Male) |
| 12:31 | Build | Farm |
| 12:32 | Build | Farm |
| 12:36 | Build | Farm |
| 12:39 | Build | Farm |
| 12:40 | Create | Villager (Male) |
| 12:50 | Build | Palisade Wall |
| 12:53 | Build | House |
| 13:06 | Create | Villager (Male) |
| 13:06 | Create | Villager (Male) |
| 13:09 | Build | Farm |
| 13:12 | Build | Farm |
| 13:23 | Create | Villager (Male) |
| 13:26 | Build | Farm |
| 13:28 | Create | Villager (Male) |
| 14:03 | Build | Blacksmith |
| 14:12 | Create | Villager (Male) |
| 14:14 | Create | Scout Cavalry |
| 14:53 | Create | Villager (Male) |
| 14:57 | Build | Mining Camp |
| 15:30 | Create | Villager (Male) |
| 15:32 | Create | Villager (Male) |
| 15:53 | Create | Villager (Male) |
| 16:00 | Build | Farm |
| 16:01 | Build | Farm |
| 16:05 | Research | Wheelbarrow |
| 16:08 | Build | House |
| 16:30 | Build | Lumber Camp |
| 16:39 | Build | Archery Range |
| 16:42 | Build | House |
| 16:58 | Create | Scout Cavalry |
| 17:11 | Research | Castle Age |
| 17:11 | Research | Castle Age |
| 17:20 | Build | House |
| 17:47 | Create | Villager (Male) |
| 17:50 | Build | Archery Range |
| 18:00 | Build | House |
| 18:02 | Create | Spearman |
| 18:14 | Research | Gold Mining |
| 18:33 | Build | House |
| 18:37 | Research | Fletching |
| 18:39 | Research | Bloodlines |
| 19:06 | Build | House |
| 19:08 | Create | Villager (Male) |
| 19:12 | Build | Palisade Gate |
| 19:38 | Build | House |
| 19:42 | Build | House |
| 19:49 | Age | Castle Age |
| 19:52 | Create | Cavalry Archer |
| 19:52 | Create | Cavalry Archer |
| 19:52 | Create | Cavalry Archer |
| 19:54 | Research | Bodkin Arrow |
| 20:13 | Create | Camel Scout |
| 20:21 | Create | Cavalry Archer |
| 20:25 | Research | Husbandry |
| 20:30 | Build | House |
| 20:48 | Create | Cavalry Archer |
| 20:52 | Research | Gold Shaft Mining |
| 21:06 | Build | Lumber Camp |
| 21:11 | Create | Villager (Male) |
| 21:13 | Create | Villager (Male) |
| 21:21 | Create | Cavalry Archer |
| 21:29 | Research | Bow Saw |
| 21:29 | Research | Bow Saw |
| 21:37 | Create | Cavalry Archer |
| 21:46 | Build | House |
| 21:48 | Build | House |
| 22:00 | Create | Cavalry Archer |
| 22:10 | Build | House |
| 22:16 | Create | Cavalry Archer |
| 22:20 | Create | Villager (Male) |
| 22:26 | Build | Town Center |
| 22:31 | Build | University |
| 22:34 | Create | Villager (Male) |
| 22:36 | Create | Cavalry Archer |
| 22:40 | Create | Villager (Male) |
| 22:51 | Build | House |
| 22:56 | Create | Cavalry Archer |
| 22:57 | Create | Cavalry Archer |
| 23:23 | Create | Villager (Male) |
| 23:24 | Build | Farm |
| 23:26 | Create | Cavalry Archer |
| 23:27 | Create | Cavalry Archer |
| 23:35 | Create | Villager (Male) |
| 23:38 | Build | Farm |
| 23:43 | Create | Villager (Male) |
| 23:45 | Create | Cavalry Archer |
| 23:45 | Create | Cavalry Archer |
| 24:00 | Create | Cavalry Archer |
| 24:03 | Create | Villager (Male) |
| 24:04 | Create | Villager (Male) |
| 24:13 | Create | Villager (Male) |
| 24:16 | Build | Farm |
| 24:20 | Create | Villager (Male) |
| 24:50 | Create | Villager (Male) |
| 24:50 | Create | Villager (Male) |
| 24:51 | Create | Cavalry Archer |
Build order — Ghlbitsk
First 150 of 348 actions detected
| 0:00 | Create | Villager (Male) |
| 0:01 | Create | Villager (Male) |
| 0:01 | Create | Villager (Male) |
| 0:02 | Build | House |
| 0:04 | Build | House |
| 0:24 | Create | Villager (Male) |
| 1:30 | Create | Villager (Male) |
| 1:57 | Create | Villager (Male) |
| 2:30 | Create | Villager (Male) |
| 2:47 | Build | Lumber Camp |
| 2:50 | Create | Villager (Male) |
| 3:14 | Create | Villager (Male) |
| 3:41 | Create | Villager (Male) |
| 3:53 | Build | House |
| 4:07 | Create | Villager (Male) |
| 4:30 | Create | Villager (Male) |
| 5:01 | Create | Villager (Male) |
| 5:17 | Create | Villager (Male) |
| 5:31 | Research | Loom |
| 6:18 | Create | Villager (Male) |
| 6:18 | Create | Villager (Male) |
| 6:24 | Build | Mill |
| 7:04 | Research | Feudal Age |
| 8:24 | Build | Barracks |
| 8:31 | Create | Villager (Male) |
| 8:49 | Build | House |
| 9:18 | Age | Feudal Age |
| 9:19 | Build | Stable |
| 9:25 | Research | Double-Bit Axe |
| 9:33 | Research | Horse Collar |
| 9:34 | Create | Villager (Male) |
| 9:47 | Build | House |
| 9:57 | Create | Spearman |
| 9:59 | Create | Villager (Male) |
| 10:08 | Build | Palisade Wall |
| 10:15 | Create | Scout Cavalry |
| 10:16 | Create | Villager (Male) |
| 10:22 | Build | Farm |
| 10:24 | Build | Farm |
| 10:28 | Build | Farm |
| 10:33 | Create | Villager (Male) |
| 10:39 | Create | Scout Cavalry |
| 10:45 | Build | Palisade Wall |
| 11:03 | Build | Farm |
| 11:06 | Build | Farm |
| 11:10 | Build | Farm |
| 11:11 | Build | Farm |
| 11:13 | Create | Villager (Male) |
| 11:27 | Build | Palisade Wall |
| 11:34 | Create | Scout Cavalry |
| 11:54 | Create | Villager (Male) |
| 11:58 | Research | Town Watch |
| 12:05 | Build | House |
| 12:10 | Build | Farm |
| 12:17 | Build | Palisade Wall |
| 12:21 | Create | Villager (Male) |
| 12:34 | Create | Villager (Male) |
| 12:48 | Build | Palisade Wall |
| 12:52 | Build | Farm |
| 12:55 | Build | Farm |
| 12:57 | Build | Farm |
| 12:58 | Create | Villager (Male) |
| 13:03 | Create | Scout Cavalry |
| 13:12 | Build | House |
| 13:17 | Build | Farm |
| 13:19 | Build | Farm |
| 13:21 | Build | Farm |
| 13:23 | Create | Villager (Male) |
| 13:46 | Build | House |
| 13:48 | Build | Palisade Wall |
| 13:50 | Build | House |
| 13:53 | Build | House |
| 13:56 | Build | Palisade Wall |
| 14:02 | Create | Villager (Male) |
| 14:20 | Create | Villager (Male) |
| 14:21 | Build | Palisade Wall |
| 14:37 | Create | Villager (Male) |
| 14:40 | Build | Palisade Gate |
| 14:55 | Build | Farm |
| 14:58 | Build | Farm |
| 14:58 | Create | Villager (Male) |
| 15:16 | Build | Mining Camp |
| 15:18 | Create | Villager (Male) |
| 15:34 | Create | Villager (Male) |
| 16:05 | Research | Wheelbarrow |
| 16:51 | Build | Blacksmith |
| 17:16 | Research | Castle Age |
| 17:41 | Build | Lumber Camp |
| 18:15 | Research | Bloodlines |
| 18:17 | Build | Stable |
| 18:20 | Research | Scale Barding Armor |
| 18:22 | Research | Forging |
| 18:30 | Create | Villager (Male) |
| 20:04 | Age | Castle Age |
| 20:05 | Create | Knight |
| 20:05 | Create | Knight |
| 20:10 | Build | Town Center |
| 20:15 | Research | Bow Saw |
| 20:17 | Research | Heavy Plow |
| 20:18 | Create | Villager (Male) |
| 20:21 | Create | Knight |
| 20:22 | Create | Knight |
| 20:36 | Build | House |
| 20:37 | Build | House |
| 20:38 | Build | House |
| 20:52 | Create | Villager (Male) |
| 20:59 | Build | Monastery |
| 21:21 | Create | Villager (Male) |
| 21:22 | Create | Knight |
| 21:22 | Create | Knight |
| 21:34 | Create | Villager (Male) |
| 21:35 | Create | Villager (Male) |
| 21:42 | Create | Villager (Male) |
| 21:45 | Create | Monk |
| 21:59 | Create | Villager (Male) |
| 22:03 | Build | Farm |
| 22:06 | Build | Farm |
| 22:09 | Build | Farm |
| 22:12 | Build | Farm |
| 22:13 | Create | Villager (Male) |
| 22:15 | Create | Villager (Male) |
| 22:29 | Build | Town Center |
| 22:33 | Build | House |
| 22:34 | Build | House |
| 22:36 | Create | Villager (Male) |
| 22:36 | Create | Villager (Male) |
| 22:38 | Create | Monk |
| 22:56 | Create | Villager (Male) |
| 22:58 | Create | Villager (Male) |
| 23:10 | Create | Villager (Male) |
| 23:11 | Create | Monk |
| 23:23 | Create | Villager (Male) |
| 23:32 | Build | Siege Workshop |
| 23:40 | Create | Villager (Male) |
| 23:40 | Create | Villager (Male) |
| 23:44 | Build | House |
| 23:45 | Build | House |
| 23:46 | Build | House |
| 23:46 | Build | House |
| 23:58 | Create | Villager (Male) |
| 23:58 | Create | Villager (Male) |
| 24:02 | Build | Farm |
| 24:20 | Create | Villager (Male) |
| 24:21 | Create | Villager (Male) |
| 24:21 | Build | Farm |
| 24:22 | Create | Villager (Male) |
| 24:22 | Create | Villager (Male) |
| 24:25 | Build | Farm |
| 24:27 | Build | Farm |
| 24:27 | Build | Farm |
Match timeline
| 4:34 | DS_Le Cuack |Youtube Twitch| · wall_segment Palisade Wall x7 |
| 5:30 | DS_Le Cuack |Youtube Twitch| · wall_segment Palisade Wall x4 |
| 5:31 | DS_Le Cuack |Youtube Twitch| · wall_segment Palisade Wall x1 |
| 7:35 | DS_Le Cuack |Youtube Twitch| · first_building Barracks |
| 8:24 | Ghlbitsk · first_building Barracks |
| 8:53 | DS_Le Cuack |Youtube Twitch| · age_up feudal |
| 8:56 | DS_Le Cuack |Youtube Twitch| · first_building Stable |
| 9:00 | DS_Le Cuack |Youtube Twitch| · wall_segment Palisade Wall x5 |
| 9:18 | Ghlbitsk · age_up feudal |
| 9:19 | Ghlbitsk · first_building Stable |
| 10:08 | Ghlbitsk · wall_segment Palisade Wall x8 |
| 10:40 | DS_Le Cuack |Youtube Twitch| · wall_segment Palisade Wall x19 |
| 10:45 | Ghlbitsk · wall_segment Palisade Wall x14 |
| 11:27 | Ghlbitsk · wall_segment Palisade Wall x10 |
| 12:17 | Ghlbitsk · wall_segment Palisade Wall x16 |
| 12:48 | Ghlbitsk · wall_segment Palisade Wall x4 |
| 12:50 | DS_Le Cuack |Youtube Twitch| · wall_segment Palisade Wall x1 |
| 13:48 | Ghlbitsk · wall_segment Palisade Wall x1 |
| 13:56 | Ghlbitsk · wall_segment Palisade Wall x1 |
| 14:21 | Ghlbitsk · wall_segment Palisade Wall x1 |
| 16:39 | DS_Le Cuack |Youtube Twitch| · first_building Archery Range |
| 19:49 | DS_Le Cuack |Youtube Twitch| · age_up castle |
| 20:04 | Ghlbitsk · age_up castle |
| 20:59 | Ghlbitsk · first_building Monastery |
| 23:32 | Ghlbitsk · first_building Siege Workshop |
| 26:05 | DS_Le Cuack |Youtube Twitch| · first_building Monastery |
| 29:14 | Ghlbitsk · first_market_sell 500 wood |
| 29:42 | Ghlbitsk · first_building Castle |
| 34:31 | DS_Le Cuack |Youtube Twitch| · first_market_buy 100 stone |
| 35:02 | DS_Le Cuack |Youtube Twitch| · first_building Castle |
| 35:38 | DS_Le Cuack |Youtube Twitch| · age_up imperial |
| 36:49 | Ghlbitsk · age_up imperial |
| 37:45 | Ghlbitsk · first_market_buy 100 wood |
| 37:51 | Ghlbitsk · resign |
[ AI ANALYSIS · 1 CREDIT ]
What really happened in this match?
Wolo.gg analyzes every decision: build order, eco, micro, common mistakes by bracket. Personalized analysis on WhatsApp or Discord in 30 seconds.
Civ guide
Persians
Perfil
DS_Le Cuack |Youtube Twitch|